 Dungeon Crawl Stone Soup version 0.22-a0-248-gc8378ba (webtiles) character file.

793 JeffiDaFish the Conjurer (level 7, -1/51 HPs)
             Began as a Purple Draconian Conjurer on Feb 28, 2018.
             Was a Follower of Vehumet.
             Slain by a scorpion (4 damage)
             ... on level 5 of the Dungeon.
             The game lasted 00:16:14 (5943 turns).

JeffiDaFish the Conjurer (DrCj)                     Turns: 5943, Time: 00:16:14

Health: -1/51      AC:  6    Str: 11    XL:     7   Next: 57%
Magic:  12/17      EV: 12    Int: 17    God:    Vehumet [*.....]
Gold:   269        SH:  0    Dex: 11    Spells: 9/19 levels left

rFire    + . .     SeeInvis .   f - +1 spear
rCold    + . .     Gourm    .   (no shield)
rNeg     . . .     Faith    .   (armour unavailable)
rPois    +         Spirit   .   (helmet restricted)
rElec    +         Reflect  .   (no cloak)
rCorr    +         Harm     .   (no gloves)
MR       +....                  b - -1 pair of boots
Stlth    ++........             (no amulet)
HPRegen  0.17/turn              e - ring of flight
MPRegen  0.15/turn              (no ring)

@: lethally poisoned (-1 -> -7), resistant
A: breathe power, unfitting armour, cold-blooded, AC +6
a: Breathe Dispelling Energy, Renounce Religion, Evoke Flight


You were on level 5 of the Dungeon.
You worshipped Vehumet.
Vehumet was aware of your devotion.
You were hungry.

You visited 1 branch of the dungeon, and saw 5 of its levels.

You collected 269 gold pieces.

Inventory:

Hand Weapons
 f - a +1 spear (weapon)
Armour
 b - a -1 pair of boots (worn)
Jewellery
 e - a ring of flight (left hand)
Wands
 k - a wand of paralysis (7)
Scrolls
 c - 7 scrolls of identify
 i - a scroll of magic mapping
Potions
 h - 2 potions of brilliance
Comestibles
 a - 7 rations


   Skills:
 + Level 0.9 Fighting
 + Level 2.0 Dodging
 - Level 1.7 Stealth
 * Level 6.8 Spellcasting
 + Level 7.1 Conjurations
 + Level 0.7 Hexes


You had 9 spell levels left.
You knew the following spells:

 Your Spells              Type           Power        Failure   Level  Hunger
a - Magic Dart            Conj           ####         1%          1    None
b - Searing Ray           Conj           ####..       1%          2    None
c - Dazzling Spray        Conj/Hex       ###...       7%          3    ##.....
d - Iskenderun's Mystic   Conj           ####....     6%          4    ####...


Dungeon Overview and Level Annotations

Branches:
Dungeon (5/15)             Temple (0/1) D:4

Altars:
Fedhas
Ru
Vehumet


Innate Abilities, Weirdness & Mutations

You can breathe bolts of dispelling energy.
Your rich purple scales are hard. (AC +6)
You cannot fit into any form of body armour.
You are cold-blooded and may be slowed by cold attacks.


Message History

You feel sick.
* * * LOW HITPOINT WARNING * * *
You feel sick.
* * * LOW HITPOINT WARNING * * *
You feel sick.
You are no longer poisoned.
You see here 18 gold pieces.
You see here 18 gold pieces.
The scorpion stings you.
* * * LOW HITPOINT WARNING * * *
You are lethally poisoned!
The scorpion poisons you!
* * * LOW HITPOINT WARNING * * *
You feel sick.
* * * LOW HITPOINT WARNING * * *
You feel sick.
You feel protected.
* * * LOW HITPOINT WARNING * * *
You feel sick. The scorpion stings you.
You die...

#.###...#
#..##...#
##.##...#
#.##...#
#.##...####
#.##.....<#
#.##..#####
#..#..#
##.#@.#
######.s..#
..........#
#######..##
###†.######
#.........#
#.%.>.......
#.........##
#.......?.#


You could see a scorpion.

Vanquished Creatures
  The ghost of luckybogg the Shield-Bearer, an amateur MiFi (D:4)
  A sky beast (D:5)
  2 orc priests (D:4)
  5 orc wizards
  A worker ant (D:4)
  3 gnolls (D:2)
  13 adders
  2 oozes (D:2)
  2 dart slugs
  8 leopard geckos
  8 orcs
  7 ball pythons
  7 bats
  4 giant cockroaches
  6 goblins
  6 hobgoblins
  14 jackals
  5 frilled lizards
  4 kobolds
  A leopard gecko zombie (D:3)
  A quokka skeleton (D:4)
  8 rats
109 creatures vanquished.

Notes
Turn   | Place    | Note
-------+----------+-------------------------------------------
     0 | D:1      | JeffiDaFish the Draconian Conjurer began the quest for the Orb.
     0 | D:1      | Reached XP level 1. HP: 14/14 MP: 3/3
   269 | D:1      | Reached XP level 2. HP: 11/20 MP: 0/5
  1022 | D:2      | Learned a level 2 spell: Searing Ray
  1145 | D:2      | Reached XP level 3. HP: 26/26 MP: 1/6
  1194 | D:2      | Learned a level 3 spell: Dazzling Spray
  1482 | D:2      | Found a faded altar of an unknown god.
  1926 | D:2      | Reached XP level 4. HP: 33/33 MP: 4/8
  1947 | D:2      | Reached skill level 5 in Conjurations
  2559 | D:3      | Reached XP level 5. HP: 32/38 MP: 1/10
  2874 | D:3      | Found a radiant altar of Vehumet.
  2886 | D:3      | Became a worshipper of Vehumet
  2904 | D:3      | Found a sacrificial altar of Ru.
  3514 | D:3      | Reached XP level 6. HP: 26/45 MP: 7/12
  3643 | D:3      | Learned a level 4 spell: Iskenderun's Mystic Blast
  3930 | D:4      | Reached skill level 6 in Conjurations
  4509 | D:4      | Found a staircase to the Ecumenical Temple.
  4534 | D:4      | Reached * piety under Vehumet
  4534 | D:4      | Offered knowledge of Shock by Vehumet.
  4709 | D:4      | Found a blossoming altar of Fedhas.
  5445 | D:4      | Noticed luckybogg's ghost (amateur MiFi)
  5461 | D:4      | Killed luckybogg's ghost
  5461 | D:4      | Reached skill level 5 in Spellcasting
  5461 | D:4      | Reached skill level 7 in Conjurations
  5461 | D:4      | Your scales start taking on a rich purple colour.
  5461 | D:4      | Reached XP level 7. HP: 50/50 MP: 1/16
  5810 | D:5      | Entered Level 5 of the Dungeon
  5879 | D:5      | HP: 2/51 [poisoned by a scorpion]
  5887 | D:5      | HP: 2/51 [poisoned by a scorpion]
  5895 | D:5      | HP: 1/51 [poisoned by a scorpion]
  5943 | D:5      | Slain by a scorpion

Vault maps used:
D:1:      dpeg_arrival_signposts, minmay_misc_feat_nine_boxes
D:2:      first_ration, chequers_ecumenical_altar_simple_redux,
          grunt_ministairs_14
D:3:      nicolae_ru_awakened_eye, vehumet_crystals
D:4:      kennysheep_little_box, minmay_temple_entry_glassed_door,
          minmay_snake_closets
D:5:      old_standard_altar, uniq_prince_ribbit1

Skill      XL: |  1  2  3  4  5  6  7 |
---------------+----------------------+-----
Spellcasting   | 3 4 6 |  6.8
Conjurations   | 5 7 |  7.1
Dodging        | 2 |  2.0
Fighting       | |  0.9
Stealth        | |  1.7
Hexes          | |  0.7

Action                   |  1- 3 |  4- 6 |  7- 9 || total
-------------------------+-------+-------+-------++-------
Melee: Unarmed           |    11 |       |       ||    11
       Dagger            |    29 |       |       ||    29
       Spear             |    16 |   130 |    11 ||   157
       Tailslap          |     1 |    14 |       ||    15
 Cast: Magic Dart        |    68 |    82 |    11 ||   161
       Searing Ray       |       |    10 |     3 ||    13
       Iskenderun's Myst |       |     5 |     3 ||     8
       Dazzling Spray    |       |     4 |       ||     4
 Abil: Breathe Dispellin |       |       |     1 ||     1
Evoke: Wand              |       |    13 |       ||    13
  Use: Scroll            |     3 |     6 |       ||     9
       Potion            |     1 |     5 |     1 ||     7
 Stab: Sleeping          |     2 |     3 |       ||     5
  Eat: Chunk             |     4 |     6 |     1 ||    11
       Ration            |       |     2 |       ||     2
Armor: Skin              |    21 |    47 |     9 ||    77
Dodge: Dodged            |    49 |   104 |     5 ||   158

Table legend:
 A = Spawn XP
 B = Non-spawn XP
 C = Spawn XP percentage of total XP
 D = Spawn monster count
 E = Non-spawn monster count
 F = Spawn count percentage of total count
 G = Total turns spent on level
                    A         B        C        D         E        F      G
               +---------+---------+-------+---------+---------+-------+---------
         Total |       0 |    1134 |   0.0 |       0 |     109 |   0.0 |  5943
               +---------+---------+-------+---------+---------+-------+---------
           D:1 |       0 |      26 |   0.0 |       0 |      14 |   0.0 |   884
           D:2 |       0 |     130 |   0.0 |       0 |      34 |   0.0 |  1618
           D:3 |       0 |     229 |   0.0 |       0 |      35 |   0.0 |  1695
           D:4 |       0 |     622 |   0.0 |       0 |      25 |   0.0 |  1613
           D:5 |       0 |     127 |   0.0 |       0 |       1 |   0.0 |   133
               +---------+---------+-------+---------+---------+-------+---------
